 Dungeon Crawl Stone Soup version 0.20.1-1-g8b1a95d (webtiles) character file.

3376 manyhoops the Destroyer (level 9, -1/62 HPs)
             Began as a Demigod Air Elementalist on Aug 20, 2017.
             Shot with an arrow by a centaur (5 damage)
             ... on level 8 of the Dungeon.
             The game lasted 00:19:46 (9159 turns).

manyhoops the Destroyer (Demigod Air Elementalist)  Turns: 9159, Time: 00:19:47

Health: -1/62      AC:  6    Str: 11    XL:     9   Next: 46%
Magic:  1/20       EV: 12    Int: 25    God:
Gold:   523        SH:  4    Dex: 16    Spells: 3/18 levels left

rFire    . . .     SeeInvis +   E - +1 flail (protect)
rCold    . . .     Gourm    .   (no shield)
rNeg     . . .     Faith    .   a - +0 robe
rPois    .         Spirit   .   (no helmet)
rElec    .         Reflect  .   n - +0 cloak
rCorr    +         Harm     .   F - +0 pair of gloves
MR       .....                  s - +1 pair of boots
Stlth    ++........             h - amulet of rage
Regen    0.2/turn               p - ring of resist corrosion
MPRegen  0.2/turn               H - ring of see invisible

@: no status effects
A: hooves 1, large bone plates 1, high mp 1, sense surroundings 1
a: Evoke Berserk Rage


You were on level 8 of the Dungeon.
You were not hungry.

You visited 1 branch of the dungeon, and saw 8 of its levels.
You also visited: Sewer.

You collected 523 gold pieces.

Inventory:

Hand Weapons
 z - the +6 shortbow "Eviscerator" {speed, rC+}
   (You found it on level 5 of the Dungeon)

   Attacks with this weapon are significantly faster.
   It protects you from cold.
 E - a +1 flail of protection (weapon)
 G - a +0 dagger of venom
Missiles
 A - 60 arrows
Armour
 a - a +0 robe (worn)
 n - a +0 cloak (worn)
 s - a +1 pair of boots (worn)
 F - a +0 pair of gloves (worn)
Jewellery
 e - an uncursed ring of ice {unknown}
 h - an amulet of rage (around neck)
 p - a ring of resist corrosion (left hand)
 H - a ring of see invisible (right hand)
Wands
 q - a wand of random effects (20/48)
Scrolls
 i - 2 scrolls of recharging
 j - 3 scrolls of fog
 k - a scroll of teleportation
 o - 2 scrolls of fear
 t - a scroll of blinking
 u - a scroll of remove curse
 y - a scroll of amnesia {unknown}
 B - a scroll of silence {unknown}
 C - a scroll of acquirement {unknown}
Potions
 d - 2 potions of haste
 f - 3 potions of heal wounds
 l - 2 potions of ambrosia
 m - 2 potions of curing
 r - a potion of mutation {unknown}
 v - 2 potions of might
 w - a potion of resistance
Books
 b - a book of Air

   Spells                             Type                      Level
   a - Shock                          Conjuration/Air              1
   b - Swiftness                      Charms/Air                   2
   c - Static Discharge               Conjuration/Air              3
   d - Airstrike                      Air                          4
   e - Lightning Bolt                 Conjuration/Air              5
 D - a book of Necromancy

   Spells                             Type                      Level
   a - Pain                           Necromancy                   1
   b - Animate Skeleton               Necromancy                   1
   c - Vampiric Draining              Necromancy                   3
   d - Regeneration                   Charms/Necromancy            3
   e - Animate Dead                   Necromancy                   4
   f - Control Undead                 Necromancy                   4
Comestibles
 c - a bread ration
 g - 2 royal jellies
 x - 2 meat rations


   Skills:
 - Level 1.7 Dodging
 - Level 1.7 Stealth
 + Level 5.1 Spellcasting
 - Level 8.7 Conjurations
 - Level 8.1 Air Magic


You had 3 spell levels left.
You knew the following spells:

 Your Spells              Type           Power        Failure   Level  Hunger
a - Shock                 Conj/Air       ####         1%          1    None
b - Swiftness             Chrm/Air       ####....     2%          2    None
c - Static Discharge      Conj/Air       #####...     1%          3    ##.....
d - Airstrike             Air            #####.....   2%          4    ####...
e - Lightning Bolt        Conj/Air       #####.....   7%          5    #####..


Dungeon Overview and Level Annotations

Branches:
Dungeon (8/15)             Temple (0/1) D:5
   Lair: D:8-11

Shops:
D:6 *%


Innate Abilities, Weirdness & Mutations

You have an increased reservoir of magic. (+10% MP)
You have large cloven feet.
You are partially covered in large bone plates. (SH +4)
You passively map a small area around you.


Message History

The hippogriff is almost dead.
The hippogriff bites you but does no damage.
The hippogriff misses you.
The hippogriff claws you but does no damage.
Aiming: Random Effects (will waste charges)
Press: ? - help, Shift-Dir - straight line, f/p - hippogriff
Aim: a hippogriff (almost dead)
The fireball explodes!
The fireball engulfs the hippogriff.
You kill the hippogriff!
Your Spellcasting skill increases to level 5!
The fireball engulfs you!
* * * LOW HITPOINT WARNING * * *
Evoking this partially-identified wand wasted a few charges.
A centaur comes into view.
The centaur shouts!
The centaur wields a shortbow.
The centaur shoots an arrow.
You block the arrow.
You see here an arrow.
The centaur shoots an arrow.
The arrow hits you.
You die...

##...##.##.##.##.# ,
##.....####.##.##.#
#..>.>..# #.##.##.# ,
#.......###.##.##.# ,
#...>...#.......#.#
##.....##.#.....#.#* #
##...##..##...c.#.#..
#'''#..(.......##...
#...#.@..#.....#.....,
#...............# .###
#####.#.......### .# ,
#.###....####..### #.#
##.#.......... #.#
#.##.###.#.. #.#
#.##.# ..# , *#.#
#.##.###.# ..#
#.#...#.##


You could see a centaur.

Vanquished Creatures
  The ghost of bli the Magician, a novice GrFE of Ru (D:6)
  Prince Ribbit (D:7)
  A hippogriff (D:8)
  Menkaure (D:4)
  A black bear (D:3)
  An orc warrior (D:6)
  4 sky beasts
  2 phantoms (D:5)
  An ogre (D:6)
  2 centaurs
  5 big kobolds (Sewer)
  4 bullfrogs
  2 scorpions
  A crimson imp (D:6)
  3 hounds
  An orc priest (D:3)
  A jelly (D:6)
  4 orc wizards
  2 bullfrog skeletons (D:5)
  An iguana (D:7)
  8 worker ants
  2 hound skeletons
  10 adders
  2 river rats (Sewer)
  7 oozes
  2 adder zombies
  2 adder skeletons
  6 worms
  3 dart slugs
  6 leopard geckos
  20 orcs
  8 giant cockroaches
  5 goblins
  10 hobgoblins
  7 jackals
  2 quokkas
  4 ball pythons
  8 bats
  10 frilled lizards
  A jackal skeleton (D:7)
  10 kobolds
  A leopard gecko skeleton (D:5)
  22 rats
195 creatures vanquished.

Notes
Turn   | Place    | Note
-------+----------+-------------------------------------------
     0 | D:1      | manyhoops the Demigod Air Elementalist began the quest for the Orb.
     0 | D:1      | Reached XP level 1. HP: 14/14 MP: 5/5
    75 | D:1      | Reached XP level 2. HP: 14/20 MP: 0/7
   286 | D:1      | Learned a level 2 spell: Swiftness
   809 | D:1      | Reached XP level 3. HP: 26/26 MP: 3/8
  1407 | D:2      | Learned a level 3 spell: Static Discharge
  1470 | D:2      | Reached skill level 1 in Conjurations
  1605 | D:2      | Reached XP level 4. HP: 25/33 MP: 0/10
  2013 | D:2      | Found a sparkling altar of Nemelex Xobeh.
  2066 | D:3      | Noticed a black bear
  2340 | D:3      | Killed a black bear
  2340 | D:3      | Reached XP level 5. HP: 35/38 MP: 1/12
  2611 | D:3      | Learned a level 4 spell: Airstrike
  3519 | D:4      | Found a glowing drain.
  3524 | D:4      | Got a spiked ring mail
  3537 | D:4      | Reached XP level 6. HP: 39/45 MP: 13/13
  3552 | Sewer    | Entered a sewer
  3563 | Sewer    | Identified the cursed +1 ring mail of Card Tricks {rPois rC- rN+ rCorr} (You found it on level 4 of the Dungeon)
  3830 | Sewer    | Reached skill level 5 in Air Magic
  4090 | Sewer    | Reached XP level 7. HP: 47/50 MP: 2/14
  4419 | Sewer    | Reached skill level 5 in Conjurations
  5002 | D:4      | Noticed Menkaure
  5011 | D:4      | Killed Menkaure
  5195 | D:5      | Entered Level 5 of the Dungeon
  5386 | D:5      | Reached XP level 8. HP: 55/57 MP: 8/15
  6111 | D:5      | Found a staircase to the Ecumenical Temple.
  6147 | D:5      | Got a jewelled shortbow
  6148 | D:5      | Identified the +6 shortbow "Eviscerator" {speed, rC+} (You found it on level 5 of the Dungeon)
  6300 | D:6      | Found Byuq's Food Shop.
  6341 | D:6      | Found Meg Ryiv's Elemental Accessories.
  6348 | D:6      | Noticed bli's ghost (novice GrFE)
  6607 | D:6      | Killed bli's ghost
  6856 | D:6      | Gained mutation: You have large cloven feet. [mutagenic meat]
  6857 | D:6      | Gained mutation: You passively map a small area around you. [mutagenic meat]
  6858 | D:6      | Gained mutation: You are partially covered in large bone plates. (SH +4) [mutagenic meat]
  6903 | D:6      | Learned a level 5 spell: Lightning Bolt
  7334 | D:7      | Reached XP level 9. HP: 62/62 MP: 11/18
  7698 | D:7      | Noticed Prince Ribbit
  7704 | D:7      | Killed Prince Ribbit
  9153 | D:8      | Reached skill level 5 in Spellcasting
  9153 | D:8      | HP: 3/62 [shot self (8)]
  9159 | D:8      | Shot with an arrow by a centaur

Skill      XL: |  1  2  3  4  5  6  7  8  9 |
---------------+----------------------------+-----
Air Magic      | 3 4 5 6 8 |  8.1
Spellcasting   | 2 3 4 5 |  5.1
Conjurations   | 1 3 4 5 7 8 |  8.7
Dodging        | |  1.7
Stealth        | |  1.7

Action                   |  1- 3 |  4- 6 |  7- 9 || total
-------------------------+-------+-------+-------++-------
Melee: Unarmed           |    14 |       |       ||    14
       Club              |    15 |       |       ||    15
       Short sword       |    17 |    82 |       ||    99
       Long sword        |       |    17 |    39 ||    56
       Flail             |       |       |    57 ||    57
 Fire: Shortbow          |       |       |    10 ||    10
 Cast: Shock             |    84 |   143 |   135 ||   362
       Static Discharge  |     1 |     4 |    17 ||    22
       Airstrike         |       |       |    40 ||    40
 Abil: Evoke Berserk Rag |       |     1 |     1 ||     2
Evoke: Wand              |       |       |     1 ||     1
  Use: Scroll            |     6 |     6 |     3 ||    15
       Potion            |     1 |       |     4 ||     5
 Stab: Sleeping          |     1 |     3 |     4 ||     8
  Eat: Chunk             |     3 |     5 |    17 ||    25
       Bread ration      |       |     1 |     2 ||     3
       Royal jelly       |       |       |     1 ||     1
Armor: Robe              |    14 |    47 |    38 ||    99
Dodge: Dodged            |    45 |    85 |   101 ||   231
Block: Other             |       |       |    16 ||    16
       Rpst.: Long sword |       |     7 |     6 ||    13
